 Dungeon Crawl Stone Soup version 0.20-a0-1101-g1de9d76 (webtiles) character file.

217183 Duffy the Blocker (level 19, 170/170 HPs)
             Began as a Naga Fire Elementalist on May 4, 2017.
             Was the Champion of Cheibriados.
             Quit the game on level 11 of the Dungeon.
             The game lasted 01:20:42 (39398 turns).

Duffy the Blocker (Naga Fire Elementalist)         Turns: 39398, Time: 01:20:44

Health: 170/170    AC: 22    Str: 26    XL:     19   Next: 47%
Magic:  49/49      EV: 21    Int: 39    God:    Cheibriados [******]
Gold:   2498       SH: 28    Dex: 37    Spells: 18/34 levels left

rFire    + + .     SeeInvis +   a - +5 demon trident (vamp)
rCold    + . .     Gourm    .   U - +2 large shield {rC+}
rNeg     + . .     Faith    .   s - +1 ring mail "Xaday" {MR++ Regen+ Stlth+}
rPois    +         Spirit   .   A - +0 helmet of Experimentation {rF++ Int+4 Dex+3 Stlth+}
rElec    .         Reflect  +   h - +2 ratskin cloak {+Rats rPois rN+ Str-1 Int-1 Dex+1}
rCorr    .         Harm     .   N - +2 pair of gloves
MR       ++++.                  (no barding)
Stlth    +++++.....             S - +3 amulet of reflection
Regen    0.8/turn               w - ring of Darkness {MP+9 AC+1 Dex+4}
MPRegen  0.4/turn               Q - ring of Dosisuf {MP+9 Str+3 SInv}

@: very slow
A: iridescent scales 1, see invisible, deformed body, poison resistance,
slowness 2, slow metabolism 1, spit poison 2, weak 1, constrict 1, AC +6
a: Breathe Poison Gas, Bend Time, Temporal Distortion, Slouch, Step From Time,
Renounce Religion, Evoke Ratskin


You were on level 11 of the Dungeon.
You worshipped Cheibriados.
Cheibriados was exalted by your worship.
You were not hungry.

You visited 4 branches of the dungeon, and saw 26 of its levels.
You also visited: Labyrinth, Sewer, Ice Cave and Volcano.

You collected 3179 gold pieces.
You spent 681 gold pieces at shops.

Inventory:

Hand Weapons
 a - a +5 vampiric demon trident (weapon)
Armour
 h - the +2 ratskin cloak (worn) {+Rats rPois rN+ Str-1 Int-1 Dex+1}
   (You found it on level 3 of the Elven Halls)

   It affects your strength (-1).
   It affects your intelligence (-1).
   It affects your dexterity (+1).
   It protects you from poison.
   It protects you from negative energy.
 s - the +1 ring mail "Xaday" (worn) {MR++ Regen+ Stlth+}
   (You bought it in a shop on level 2 of the Orcish Mines)

   It affects your resistance to hostile enchantments.
   It increases your rate of regeneration.
   It makes you more stealthy.
 A - the +0 helmet of Experimentation (worn) {rF++ Int+4 Dex+3 Stlth+}
   (You found it in a volcano)

   It affects your intelligence (+4).
   It affects your dexterity (+3).
   It greatly protects you from fire.
   It makes you more stealthy.
 N - a +2 pair of gloves (worn)
 U - a +2 large shield of cold resistance (worn)
Jewellery
 w - the ring of Darkness (left hand) {MP+9 AC+1 Dex+4}
   (You took it off a deep elf elementalist on level 3 of the Elven Halls)

   [ring of protection]

   It affects your AC (+1).
   It affects your dexterity (+4).
   It affects your magic capacity (+9).
 M - an uncursed ring of resist corrosion
 Q - the ring of Dosisuf (right hand) {MP+9 Str+3 SInv}
   (You found it on level 10 of the Dungeon)

   [ring of magical power]

   It affects your strength (+3).
   It affects your magic capacity (+9).
   It lets you see invisible.
 S - a +3 amulet of reflection (around neck)
 X - an uncursed ring of fire
 Y - an uncursed ring of fire
Wands
 z - a wand of lightning (5/15)
 F - a wand of disintegration (14/24)
 H - a wand of iceblast (7/15)
 K - a wand of paralysis (24/24)
Scrolls
 b - a scroll of silence
 e - a scroll of immolation
 k - 5 scrolls of recharging
 l - 4 scrolls of fear
 p - a scroll of blinking
 v - 3 scrolls of fog
 y - 2 scrolls of teleportation
 C - 8 scrolls of amnesia
 D - a scroll of vulnerability
 L - 13 scrolls of remove curse
 O - 5 scrolls of enchant armour
 P - 2 scrolls of holy word
Potions
 g - 11 potions of curing
 i - 2 potions of cancellation
 m - a potion of ambrosia
 o - 8 potions of heal wounds
 q - 6 potions of agility
 r - 4 potions of magic
 u - 4 potions of might
 B - a potion of invisibility
 G - 2 potions of brilliance
 I - 7 potions of flight
 R - 2 potions of mutation
 T - 2 potions of resistance
Comestibles
 c - 5 bread rations
 j - 6 royal jellies
 n - 64 fruits
 J - 11 meat rations
 W - 2 chunks of flesh


   Skills:
 - Level 10.4 Fighting
 - Level 14.2 Polearms
 - Level 6.0 Armour
 - Level 10.4 Dodging
 - Level 3.0 Stealth
 + Level 14.8 Shields
 - Level 8.4 Spellcasting
 - Level 7.8 Conjurations
 - Level 5.5 Charms
 - Level 5.5 Necromancy
 - Level 7.8 Fire Magic
 - Level 14.0 Invocations


You had 18 spell levels left.
You knew the following spells:

 Your Spells              Type           Power        Failure   Level  Hunger
h - Flame Tongue          Conj/Fire      #####        1%          1    None
j - Sticky Flame          Conj/Fire      ######..     1%          4    None
k - Fireball              Conj/Fire      ######....   3%          5    ###....
l - Conjure Flame         Conj/Fire      ######..     1%          3    None
y - Regeneration          Chrm/Necr      ######....   1%          3    None


Dungeon Overview and Level Annotations

Branches:
Dungeon (15/15)            Temple (0/1) D:5            Lair (6/6) D:11
 Shoals (0/4) Lair:2       Spider (0/4) Lair:2        Slime (0/5) Lair:5
    Orc (2/2) D:10            Elf (3/3) Orc:2        Vaults (0/5) D:13
 Depths (0/5) D:15

Altars:
Cheibriados
Elyvilon
Gozag
Hepliaklqana
Kikubaaqudgha
Makhleb
Nemelex Xobeh
Okawaru
Ru
Sif Muna
Uskayaw
Xom
Yredelemnul
Zin
The Shining One
Beogh

Shops:
Orc:2 *[=(   Elf:1 (   Elf:3 }

Annotations:
Elf:2 4 runed doors, exclusion: 4 doors


Innate Abilities, Weirdness & Mutations

You cannot wear boots.
Your serpentine skin is tough. (AC +6)
You have supernaturally acute eyesight. (SInv)
Armour fits poorly on your strangely shaped body.
Your system is resistant to poisons. (rPois)
You cover ground very slowly.
You have a slow metabolism.
You can exhale a cloud of poison.
You can use your snake-like lower body to constrict enemies.
You are partially covered in iridescent scales. (AC +2)
You are weak. (Str -2)


Message History

You drop a book of Callings.
You drop a book of Burglary.
You drop a book of Maledictions.
You drop a Fen Folio.
You drop a book of Frost.
Drop what? 46/52 slots (_ for help) (? for menu, Esc to quit)
You drop the +0 pair of gloves "Igru" {rElec rPois Str-5 SInv}.
Okay, then.
Save game and exit?
Welcome back, Duffy the Naga Fire Elementalist.
Cheibriados says: Take it easy.
Press ? for a list of commands and other information.
(D) Dungeon (T) Temple (L) Lair (A) Shoals (N) Spider Nest (M) Slime Pits (O) Orcish Mines (E) Elven Halls (V) Vaults (U) Depths
Where to? (? - help)
Okay, then.
Search for what [? for help]? bar
Okay, then.
Are you sure you want to abandon this character and quit the game? (Confirm with "yes".)

.####.[.###.#.# #(# #.#
.##......##.#.###.#
#.##
.##.#.......#.....#
#...
###.#....#######..##
####
..........####.....###
###.......##.........##
####.##.#...........##
#.##..........P...##
#.##.......@.......#
#.###..............#
#.# ##........P..#.#
###
#.#####.........##.#
#.##
#....####.....####.#
##### .#.###..###
###.#.# #.#####...#
###.#...## #...#
#.......... # ##.....#
###)## ######.....
##...## #...# #.....


There were no monsters in sight!

Vanquished Creatures
  Jorgrun (Elf:3)
  Rupert (Lair:3)
  A deep elf master archer (Elf:3)
  Asterion (Elf:1)
  A deep elf blademaster (Elf:3)
  Gastronok (D:9)
  8 deep elf sorcerers
  2 orc warlords
  9 deep elf elementalists (Elf:3)
  The ghost of George the Fencer, a journeyman MiFi of Okawaru (Lair:5)
  8 deep elf demonologists
  6 deep elf annihilators
  A white draconian (IceCv)
  An ettin (Orc:1)
  7 deep elf death magi
  Josephine (Lair:5)
  A yaktaur captain (D:15)
  4 deep elf high priests
  A minotaur (Lab)
  7 vault guards (D:13)
  2 ogre magi (D:15)
  2 rakshasas
  10 hydras
  3 catoblepae (Lair:6)
  13 dancing weapons
  16 two-headed ogres
  4 centaur warriors
  14 death yaks
  Urug (Orc:1)
  A queen ant (Lair:2)
  7 orc high priests
  21 deep elf knights
  5 unseen horrors
  A wizard (D:15)
  7 orc knights
  Pikel (D:5)
  13 deep elf archers
  A wolf spider (D:15)
  67 deep elf magi
  16 ugly things
  2 salamanders (Volcano)
  5 manticores
  5 orc sorcerers
  3 oklob plants (Lair:1)
  2 cyclopes
  A wolf spider zombie (D:11)
  3 merfolk sirens (Lair:2)
  Maurice (D:9)
  5 elephants (Lair:4)
  5 black mambas
  An ice statue (IceCv)
  Psyche (D:9)
  8 spiny frogs
  2 torpor snails
  A demonic crawler (Lair:2)
  3 rime drakes
  A rime drake (shapeshifter) (Elf:3)
  An efreet (D:15)
  2 freezing wraiths
  A yaktaur (shapeshifter) (D:14)
  A tengu conjurer (D:11)
  5 komodo dragons
  A merfolk (Lair:2)
  6 trolls
  6 meliai
  17 polar bears
  11 blink frogs
  7 slime creatures (D:15)
  A meliai zombie (D:13)
  13 hippogriffs
  7 wraiths
  A shadow (D:15)
  3 vampires
  4 air elementals
  6 wyverns
  74 yaks
  3 water elementals
  Eustachio (D:5)
  5 basilisks
  5 fire elementals
  2 fire bats (Volcano)
  A steam dragon (D:13)
  A hungry ghost (D:14)
  5 wargs
  Menkaure (D:4)
  A soldier ant (shapeshifter) (D:14)
  13 water moccasins
  2 hell hounds (Volcano)
  8 soldier ants
  An acid dragon (D:9)
  7 porcupines
  52 orc warriors
  8 ice beasts
  7 sky beasts
  3 black bears
  12 ogres
  6 phantoms
  An eye of draining (D:12)
  16 centaurs
  40 wolves
  The ghost of Wendigo the Slasher, an amateur DsGl of Dithmenos (D:3)
  15 crocodiles
  6 big kobolds
  Blork the orc (D:6)
  29 bullfrogs
  An earth elemental (Elf:1)
  10 scorpions
  11 killer bees
  9 wights
  8 howler monkeys
  An electric eel (D:6)
  4 centaur zombies
  11 crimson imps
  A bullfrog skeleton (D:7)
  4 jellies
  2 bullfrog zombies
  26 orc priests
  7 centaur skeletons
  6 hounds
  34 orc wizards
  Crazy Yiuf (D:2)
  Jessica (D:2)
  An iguana (D:5)
  48 worker ants
  A killer bee zombie (D:4)
  A worker ant zombie (D:8)
  Robin (D:3)
  3 gnolls (D:3)
  19 adders
  2 river rats (Sewer)
  8 shadow imps
  6 oozes
  An adder zombie (D:7)
  An adder skeleton (D:7)
  8 worms
  2 dart slugs
  7 leopard geckos
  91 orcs
  4 ball pythons
  12 giant cockroaches
  16 goblins
  14 hobgoblins
  23 jackals
  4 quokkas
  5 bats
  5 frilled lizards
  24 kobolds
  A leopard gecko skeleton (D:5)
  11 rats
  3 fungi
  5 plants
1201 creatures vanquished.

Vanquished Creatures (others)
  A deep elf master archer (Elf:3)
  A deep elf annihilator (Elf:3)
  A two-headed ogre (Volcano)
  A deep elf knight (Elf:2)
  3 deep elf archers
  A cyclops (D:13)
  4 deep elf magi
  A yaktaur (D:15)
  A water elemental (Elf:1)
  A slave (D:5)
  2 orc warriors
  An ogre (D:6)
  2 centaurs
  A bullfrog (D:6)
  A bullfrog zombie (D:5)
  2 orc priests (D:6)
  2 worker ants
  A howler monkey zombie (D:7)
  3 orcs
  A giant cockroach (D:5)
  19 fungi
  18 plants
68 creatures vanquished.

Grand Total: 1269 creatures vanquished

Notes
Turn   | Place    | Note
-------+----------+-------------------------------------------
     0 | D:1      | Duffy the Naga Fire Elementalist began the quest for the Orb.
     0 | D:1      | Reached XP level 1. HP: 15/15 MP: 3/3
   329 | D:1      | Reached XP level 2. HP: 22/22 MP: 3/5
   837 | D:1      | Reached XP level 3. HP: 21/28 MP: 0/6
  1259 | D:1      | Learned a level 3 spell: Conjure Flame
  1889 | D:2      | Reached XP level 4. HP: 35/36 MP: 4/8
  1975 | D:2      | Learned a level 4 spell: Sticky Flame
  2098 | D:2      | Found a snail-covered altar of Cheibriados.
  2103 | D:2      | Became a worshipper of Cheibriados the Contemplative
  2150 | D:2      | Noticed Jessica
  2153 | D:2      | Killed Jessica
  2155 | D:2      | Found an iron altar of Okawaru.
  2347 | D:2      | Found a runed door.
  2351 | D:2      | Noticed Crazy Yiuf
  2355 | D:2      | Killed Crazy Yiuf
  2355 | D:2      | Reached XP level 5. HP: 42/42 MP: 3/9
  2616 | D:3      | Noticed Robin
  2735 | D:3      | Reached * piety under Cheibriados
  2812 | D:3      | Killed Robin
  2978 | D:3      | Noticed a sky beast
  3166 | D:3      | Noticed a sky beast
  3177 | D:3      | Killed a sky beast
  3177 | D:3      | Reached XP level 6. HP: 39/49 MP: 1/11
  3183 | D:3      | Gained mutation: You are partially covered in iridescent scales. (AC +2) [mutagenic meat]
  3184 | D:3      | Gained mutation: You can exhale a cloud of poison. [mutagenic meat]
  3299 | D:3      | Noticed Wendigo's ghost (amateur DsGl)
  3348 | D:3      | Reached ** piety under Cheibriados
  3551 | D:4      | Reached skill level 5 in Conjurations
  3551 | D:4      | Reached XP level 7. HP: 51/55 MP: 9/12
  3684 | D:4      | Found a glowing drain.
  3700 | Sewer    | Entered a sewer
  3736 | Sewer    | Reached *** piety under Cheibriados
  3935 | Sewer    | Reached skill level 5 in Fire Magic
  4345 | Sewer    | Reached **** piety under Cheibriados
  4567 | D:4      | Reached XP level 8. HP: 62/62 MP: 14/14
  4574 | D:4      | Learned a level 5 spell: Fireball
  4726 | D:4      | Noticed Menkaure
  4734 | D:4      | Killed Menkaure
  5091 | D:4      | Found a burning altar of Makhleb.
  5097 | D:4      | Found a glowing silver altar of Zin.
  5097 | D:4      | Noticed an angel
  5098 | D:4      | Noticed a green death
  5227 | D:5      | Entered Level 5 of the Dungeon
  5238 | D:4      | Reached skill level 5 in Spellcasting
  5495 | D:5      | Noticed Pikel
  5503 | D:5      | Killed Pikel
  5503 | D:5      | Reached XP level 9. HP: 68/68 MP: 7/16
  5670 | D:5      | Got a scorched mace
  5671 | D:5      | Identified the cursed +3 mace of the Hierophant {venom, rC+ rN+ Dex+3} (You found it on level 5 of the Dungeon)
  6089 | D:5      | Noticed Eustachio
  6096 | D:5      | Killed Eustachio
  6096 | D:5      | Reached skill level 1 in Fighting
  6096 | D:5      | Reached skill level 1 in Shields
  6221 | D:5      | Found a staircase to the Ecumenical Temple.
  6320 | D:5      | Found a glowing golden altar of the Shining One.
  6621 | D:6      | Noticed Blork the orc
  6626 | D:6      | Killed Blork the orc
  6679 | D:6      | Reached skill level 1 in Invocations
  6777 | D:6      | Found a hide-covered altar of Uskayaw.
  6957 | D:6      | Reached ***** piety under Cheibriados
  7924 | D:7      | Reached XP level 10. HP: 86/86 MP: 9/17
  8233 | D:7      | Found a shimmering altar of Xom.
  8292 | D:7      | Reached skill level 5 in Fighting
  8446 | D:7      | Noticed a two-headed ogre
  8468 | D:7      | Killed a two-headed ogre
  8468 | D:7      | Reached skill level 5 in Invocations
  9234 | D:8      | Found a sacrificial altar of Ru.
  9288 | D:8      | Found a sparkling altar of Nemelex Xobeh.
  9461 | D:8      | Noticed a two-headed ogre
  9471 | D:8      | Killed a two-headed ogre
  9471 | D:8      | Reached ****** piety under Cheibriados
  9471 | D:8      | Reached skill level 5 in Shields
 10404 | D:3      | Reached XP level 11. HP: 97/97 MP: 18/18
 10621 | D:3      | Found an ancient bone altar of Kikubaaqudgha.
 10663 | D:3      | Found an ancient bone altar of Kikubaaqudgha.
 11049 | D:3      | Killed Wendigo's ghost
 11475 | D:9      | Noticed Psyche
 11483 | D:9      | Killed Psyche
 11518 | D:9      | Noticed Maurice
 11782 | D:9      | Found a basalt altar of Yredelemnul.
 11972 | D:9      | Killed Maurice
 12128 | D:9      | Found a white marble altar of Elyvilon.
 12326 | D:9      | Found a white marble altar of Elyvilon.
 12463 | D:9      | Found a hazy altar of Hepliaklqana.
 12665 | D:9      | Noticed Gastronok
 12683 | D:9      | Killed Gastronok
 12683 | D:9      | Reached skill level 5 in Dodging
 12935 | D:10     | Entered Level 10 of the Dungeon
 13037 | D:10     | Noticed an unseen horror
 13044 | D:10     | Killed an unseen horror
 13111 | D:10     | Got a clouded lapis lazuli ring
 13113 | D:10     | Identified the ring of Dosisuf {MP+9 Str+3 SInv} (You found it on level 10 of the Dungeon)
 13516 | D:10     | Reached XP level 12. HP: 104/105 MP: 19/19
 13604 | D:10     | Found a staircase to the Orcish Mines.
 13985 | D:11     | Found a labyrinth entrance.
 14041 | Lab      | Entered a labyrinth
 14535 | Lab      | Noticed a minotaur
 14539 | Lab      | Killed a minotaur
 14667 | D:11     | Found a staircase to the Lair.
 15482 | D:11     | Noticed a five-headed hydra
 15485 | D:11     | Killed a five-headed hydra
 16098 | Orc:1    | Entered Level 1 of the Orcish Mines
 16105 | Orc:2    | Entered Level 2 of the Orcish Mines
 16130 | Orc:2    | Found a staircase to the Elven Halls.
 16178 | Orc:2    | Found a roughly hewn altar of Beogh.
 16200 | Orc:2    | Noticed a two-headed ogre
 16214 | Orc:2    | Killed a two-headed ogre
 16259 | Orc:1    | Found a dark tunnel.
 16265 | Volcano  | Entered a volcano
 16365 | Volcano  | Noticed a two-headed ogre
 16365 | Volcano  | Noticed a two-headed ogre
 16370 | Volcano  | Killed a two-headed ogre
 16382 | Volcano  | Killed a two-headed ogre
 16627 | Volcano  | Got a polished helmet
 16638 | Volcano  | Identified the cursed +0 helmet of Experimentation {rF++ Int+4 Dex+3 Stlth+} (You found it in a volcano)
 17075 | Orc:2    | Noticed an orc high priest
 17149 | Orc:2    | Noticed an orc warlord
 17152 | Orc:2    | Killed an orc high priest
 17152 | Orc:2    | Gained mutation: You can use your snake-like lower body to constrict enemies. [Naga growth]
 17152 | Orc:2    | Reached XP level 13. HP: 121/121 MP: 5/20
 17256 | Orc:1    | Killed an orc warlord
 17398 | Orc:2    | Reached skill level 10 in Fighting
 17695 | Orc:2    | Reached skill level 1 in Armour
 18584 | Orc:2    | Found Nigog's Antique Armour Boutique.
 18584 | Orc:2    | Found Ykixyh Syid's General Store.
 18584 | Orc:2    | Found Wutuekhopol's Antique Weapon Shop.
 18584 | Orc:2    | Found Tanug's Jewellery Boutique.
 18812 | Orc:2    | Noticed an orc warlord
 18822 | Orc:2    | Killed an orc warlord
 19411 | Orc:2    | Bought an agate-encrusted ring mail for 234 gold pieces
 19421 | Orc:2    | Identified the +1 ring mail "Xaday" {MR++ Regen+ Stlth+} (You bought it in a shop on level 2 of the Orcish Mines)
 19422 | Orc:2    | Bought an encrusted morningstar for 225 gold pieces
 19422 | Orc:2    | Identified the +4 morningstar of Ytuweigg {holy, rElec rF+ Int+10} (You bought it in a shop on level 2 of the Orcish Mines)
 19483 | Orc:1    | Noticed an ettin
 19565 | Orc:1    | Killed an ettin
 20040 | Orc:1    | Noticed Urug
 20046 | Orc:1    | Killed Urug
 20144 | Orc:1    | Reached skill level 5 in Armour
 20419 | Orc:2    | Reached XP level 14. HP: 133/133 MP: 10/21
 20419 | Orc:2    | Reached skill level 1 in Polearms
 20605 | Lair:1   | Entered Level 1 of the Lair of Beasts
 21322 | Lair:1   | Got a bloodstained leather armour
 21334 | Lair:1   | Identified the +1 leather armour of True Grit {rN+} (You found it on level 1 of the Lair of Beasts)
 21430 | Lair:2   | Found a hole to the Spider Nest.
 21984 | Lair:2   | Found a staircase to the Shoals.
 22764 | Lair:3   | Reached skill level 5 in Polearms
 22804 | Lair:3   | Reached skill level 10 in Dodging
 23004 | Lair:3   | Noticed Rupert
 23012 | Lair:3   | Killed Rupert
 24410 | Lair:5   | Noticed Josephine
 24420 | Lair:5   | Killed Josephine
 24420 | Lair:5   | Reached XP level 15. HP: 136/140 MP: 22/22
 24539 | Lair:5   | Found a staircase to the Slime Pits.
 24543 | Lair:5   | Noticed George's ghost (journeyman MiFi)
 24583 | Lair:5   | Killed George's ghost
 24926 | Lair:5   | Reached skill level 10 in Polearms
 25563 | Lair:6   | Entered Level 6 of the Lair of Beasts
 25953 | Lair:6   | Learned a level 3 spell: Regeneration
 27653 | D:12     | Found an opulent altar of Gozag.
 28089 | D:13     | Reached XP level 16. HP: 147/147 MP: 23/23
 28593 | D:13     | Found a gate to the Vaults.
 28766 | D:13     | Reached skill level 1 in Charms
 28766 | D:13     | Reached skill level 1 in Necromancy
 29019 | D:14     | Found a frozen archway.
 29067 | IceCv    | Entered an ice cave
 30562 | D:14     | Got a heavily runed scale mail
 30573 | D:14     | Identified the +2 scale mail "Huekliox" {+Fly rN+ MR+ Int-5} (You found it on level 14 of the Dungeon)
 30876 | D:15     | Entered Level 15 of the Dungeon
 31133 | D:15     | Reached skill level 5 in Necromancy
 31283 | D:15     | Reached skill level 5 in Charms
 31490 | D:15     | Reached XP level 17. HP: 154/154 MP: 22/27
 31648 | D:15     | Reached skill level 10 in Shields
 31868 | D:15     | Found a staircase to the Depths.
 32275 | Elf:1    | Entered Level 1 of the Elven Halls
 32841 | Elf:1    | Found Sufol's Antique Weapon Shoppe.
 32887 | Elf:1    | Noticed Asterion
 33001 | Elf:1    | Noticed an Executioner
 33119 | Elf:1    | Identified the Incunabulum of Confrontation
 33153 | Elf:1    | Reached skill level 10 in Invocations
 33773 | Elf:1    | Killed Asterion
 34100 | Elf:2    | Found a large runed door.
 34100 | Elf:2    | Found a large runed door.
 34136 | Elf:2    | Found a large runed door.
 34136 | Elf:2    | Found a large runed door.
 34379 | Elf:2    | Found a deep blue altar of Sif Muna.
 34451 | Elf:2    | Reached XP level 18. HP: 163/163 MP: 30/30
 34701 | Elf:3    | Entered Level 3 of the Elven Halls
 34933 | Elf:3    | Found Soshayfa's Gadget Shoppe.
 35412 | Elf:3    | Noticed Jorgrun
 35422 | Elf:3    | Noticed a deep elf blademaster
 35423 | Elf:3    | Killed Jorgrun
 36281 | Elf:3    | Gained mutation: You are weak. (Str -2) [a neqoxec]
 36282 | Elf:3    | Noticed an Ice Fiend
 37478 | Elf:3    | Noticed a deep elf master archer
 37482 | Elf:3    | Killed a deep elf master archer
 37818 | Elf:3    | Noticed a deep elf master archer
 37821 | Elf:3    | Killed a deep elf master archer
 37821 | Elf:3    | Reached XP level 19. HP: 150/170 MP: 31/31
 37832 | Elf:3    | Noticed a Tzitzimitl
 38167 | Elf:3    | Got a slimy bone ring
 38170 | Elf:3    | Identified the ring of Darkness {MP+9 AC+1 Dex+4} (You took it off a deep elf elementalist on level 3 of the Elven Halls)
 38411 | Elf:3    | Got a pair of slimy gloves
 38422 | Elf:3    | Identified the cursed +0 pair of gloves "Igru" {rElec rPois Str-5 SInv} (You found it on level 3 of the Elven Halls)
 39277 | Orc:2    | Bought a potion of curing for 36 gold pieces
 39277 | Orc:2    | Bought a scroll of enchant armour for 90 gold pieces
 39277 | Orc:2    | Bought a potion of curing for 36 gold pieces
 39277 | Orc:2    | Bought a potion of heal wounds for 60 gold pieces
 39398 | D:11     | Quit the game

Vault maps used:
D:1:      evilmike_arrival_hilbert_curve
D:2:      lemuel_crystal_altar, okawaru_trees_1, first_bread, uniq_jessica,
          uniq_crazy_yiuf_cottage
D:3:      lemuel_round_altar, uniq_robin
D:4:      grunt_temple_overflow_order_and_chaos_2, portal_sewer_entry_f,
          uniq_menkaure
D:5:      tso_altar, minmay_temple_entry_nine_rooms, uniq_eustachio, uniq_pikel,
          uniq_blork_the_orc
D:6:      lemuel_round_altar, minivault_26, nrook_pool_corridor
D:7:      xom_confusion_cloud
D:8:      marbit_many_paths, kennysheep_mini
D:9:      lemuel_doored_altar, kennysheep_little_box, lemuel_round_altar,
          basic_altar, uniq_psyche, uniq_gastronok, uniq_maurice
D:10:     orc_0_dummy
D:11:     erik_lair_orcish_takeover, lab_entry_generic, grunt_tengu_nest
D:12:     nicolae_gozag_cash_rules_everything_around_me
D:13:     erik_vaults_2
D:14:     portal_ice_cave_rime, hangedman_decor_growths
D:15:     grunt_enter_depths_snipers, minmay_misc_feat_nine_boxes
Lair:1:   hibernation_bobbens, minmay_lair_oklob_chamber
Lair:2:   elwin_shoals_entry_stream, nicolae_spider_entry_non_spiders,
          zaba_antful_of_joy
Lair:3:   uniq_rupert
Lair:4:   serial_bayou_shore_b
Lair:5:   slime_dummy, grunt_forest_large_clearings, lemuel_fruit_fields,
          grunt_megastairs_2, uniq_josephine
Lair:6:   evilmike_catoblepas_cave, minivault_19
Orc:1:    enter_volcano_2, uniq_urug
Orc:2:    st_orc_congregation, basic_altar
Elf:1:    minmay_elf_arrival_plus, serial_shops, shop, minmay_elf_annihilation,
          uniq_asterion
Elf:2:    basic_altar, grunt_ministairs_10
Elf:3:    minmay_elf_hall_quartered_circle, serial_shops,
          nicolae_shop_waterfront, uniq_jorgrun
Lab:      labyrinth_mini_lab, lab_fountain
Sewer:    sewer_co_tree
IceCv:    ice_cave_small_giant
Volcano:  volcano_village

Skill      XL: |  1  2  3  4  5  6  7  8  9 10 11 12 13 14 15 16 17 18 19 |
---------------+----------------------------------------------------------+-----
Conjurations   | 2 3 4 5 7 |  7.8
Spellcasting   | 3 4 5 7 8 |  8.4
Fire Magic     | 4 5 7 |  7.8
Fighting       | 4 6 9 10 | 10.4
Shields        | 3 5 7 9 11 13 14 | 14.8
Invocations    | 3 6 9 11 14 | 14.0
Dodging        | 2 5 6 9 10 | 10.4
Armour         | 5 6 |  6.0
Polearms       | 8 13 14 | 14.2
Charms         | 5 |  5.5
Necromancy     | 5 |  5.5
Stealth        | |  3.0

Action                   |  1- 3 |  4- 6 |  7- 9 | 10-12 | 13-15 | 16-18 | 19-21 || total
-------------------------+-------+-------+-------+-------+-------+-------+-------++-------
Melee: Club              |       |    21 |       |       |       |       |       ||    21
       Whip              |       |    28 |    39 |   376 |    85 |       |       ||   528
       Mace              |       |       |    41 |   173 |       |       |       ||   214
       Morningstar       |       |       |       |       |    54 |       |       ||    54
       Constrict         |       |       |       |       |   217 |   196 |    40 ||   453
       Demon trident     |       |       |       |       |   957 |  1033 |   201 ||  2191
 Cast: Flame Tongue      |    53 |    65 |   181 |   198 |       |     5 |       ||   502
       Conjure Flame     |       |     1 |     5 |    31 |    15 |     7 |       ||    59
       Sticky Flame      |       |     1 |    15 |    43 |    26 |    35 |     6 ||   126
       Fireball          |       |       |       |     8 |    57 |   139 |    17 ||   221
       Regeneration      |       |       |       |       |       |     1 |     1 ||     2
Invok: Slouch            |       |       |       |       |     4 |     4 |     2 ||    10
       Temporal Distorti |       |       |       |       |     2 |     2 |     2 ||     6
 Abil: Spit Poison       |    22 |    17 |       |       |       |       |       ||    39
       Breathe Poison Ga |       |     5 |     6 |     9 |     8 |       |       ||    28
  Use: Scroll            |       |     7 |     3 |    15 |    10 |     8 |     2 ||    45
       Potion            |       |       |       |     2 |       |       |       ||     2
 Stab: Sleeping          |       |       |     3 |     8 |    21 |    23 |       ||    55
       Distracted        |       |       |       |     2 |     5 |     4 |     1 ||    12
       Invisible         |       |       |       |     3 |       |       |       ||     3
  Eat: Chunk             |     4 |     7 |    11 |    18 |    37 |    28 |     4 ||   109
       Bread ration      |       |       |       |     2 |     2 |     2 |     1 ||     7
Armor: Robe              |     5 |    31 |    62 |    60 |       |       |       ||   158
       Ring mail         |       |       |       |    21 |   220 |   120 |    13 ||   374
       Acid dragon scale |       |       |       |   112 |    26 |       |       ||   138
       Chain mail        |       |       |       |     3 |       |       |       ||     3
Dodge: Dodged            |    26 |    32 |    70 |   272 |   725 |   287 |    49 ||  1461
Block: Buckler           |       |       |    21 |    13 |       |       |       ||    34
       Shield            |       |       |       |   475 |  1058 |   222 |       ||  1755
       Reflection        |       |       |       |     3 |    14 |    66 |    26 ||   109
       Large shield      |       |       |       |       |       |   509 |   188 ||   697
